 Dungeon Crawl Stone Soup version 0.30.1-11-g7821555f0a (webtiles) character file.

Game seed: 16548476339133756908

29879 monsoonserge the Thaumaturge (level 13, -10/93 HPs)
             Began as a Djinni Venom Mage on Dec 2, 2023.
             Was an Elder of Ashenzari.
             Mangled by a six-headed hydra (11 damage)
             ... on level 4 of the Lair of Beasts.
             The game lasted 01:00:46 (15328 turns).

monsoonserge the Thaumaturge (Djinni Venom Mage)   Turns: 15328, Time: 01:00:47

Health: -10/93     AC:  7    Str: 17    XL:     13   Next: 84%
Gold:   2071       EV: 15    Int: 27    God:    Ashenzari [****..] SH:  0 Dex: 18

rFire   + . .        h - +2 mace of the Lashed Planets {heavy, rPois rC+ Int+3 Dex-3, Self, Melee} (curse)
rCold   + + .        y - orb "I Foresaw This" {mayhem, Melee, Range} (curse)
rNeg    + + .        w - +0 ring mail of Ashenzari's Malaise {rF- Str+7 Int+3, Range, Self} (curse)
rPois   ∞            (no helmet)
rElec   .            (no cloak)
rCorr   .            r - +0 pair of gloves "Sibylline Seer" {Str+3, Self, Melee} (curse)
SInv    +            (boots unavailable)
Will    +....        n - amulet "Overhang to Understand" {Acrobat, Evo, Cun} (curse)
Stlth   +++          f - ring "Chained Burden" {rN+, Cun, Evo} (curse)
HPRegen 0.35/turn    v - ring of Midnight {Fly rPois rC++ rN+ Dex+6}
MPRegen 0.00/turn

%: mayhem, acrobat, clarity, infuse magic (-11 HP)
@: flying
A: sickness immunity, fire resistance 2, cold vulnerability 1, float, innate
caster, HP casting, extra vitality 1
a: Renounce Religion, Curse Item, Shatter the Chains


You were on level 4 of the Lair of Beasts.
You worshipped Ashenzari.
Ashenzari was greatly pleased with you.
You visited 3 branches of the dungeon, and saw 16 of its levels.

You collected 2071 gold pieces.

Inventory:

Hand Weapons
 h - the cursed +2 mace of the Lashed Planets (weapon) {heavy, rPois rC+ Int+3 Dex-3, Self, Melee}
   (You found it on level 4 of the Dungeon)

   Int:       It affects your intelligence (+3).
   Dex:       It affects your dexterity (-3).
   rC:        It protects you from cold.
   rPois:     It protects you from poison.
   It has a curse which improves the following skills: Introspection: Fighting
   and Spellcasting.
   Melee Combat: Short Blades, Long Blades, Axes, Maces & Flails, Polearms,
   Staves and Unarmed Combat.
 C - a +0 whip
 D - a +0 falchion of holy wrath
Missiles
 q - 31 poisoned darts
 B - a throwing net
 F - 4 boomerangs (quivered)
Armour
 r - the cursed +0 pair of gloves "Sibylline Seer" (worn) {Str+3, Self, Melee}
   (You found it on level 3 of the Dungeon)

   It has a curse which improves the following skills: Introspection: Fighting
   and Spellcasting.
   Melee Combat: Short Blades, Long Blades, Axes, Maces & Flails, Polearms,
   Staves and Unarmed Combat.
 s - the +0 robe of Makhleb's Pride {Will++}
   (You found it on level 3 of the Dungeon)

   Will:      It greatly increases your willpower.
 w - the cursed +0 ring mail of Ashenzari's Malaise (worn) {rF- Str+7 Int+3, Range, Self}
   (You found it on level 5 of the Dungeon)

   Str:       It affects your strength (+7).
   Int:       It affects your intelligence (+3).
   rF:        It makes you vulnerable to fire.
   It has a curse which improves the following skills: Ranged Combat: Ranged
   Weapons and Throwing.
   Introspection: Fighting and Spellcasting.
 y - the cursed orb "I Foresaw This" (worn) {mayhem, Melee, Range}
   (You found it on level 5 of the Dungeon)

   It has a curse which improves the following skills: Melee Combat: Short
   Blades, Long Blades, Axes, Maces & Flails, Polearms, Staves and Unarmed
   Combat.
   Ranged Combat: Ranged Weapons and Throwing.
 z - a +1 ring mail of poison resistance
 E - a +2 leather armour of poison resistance
Magical Staves
 M - a staff of death
 O - the staff of cold "Cynis" {Fragile +Blink rF+ rC+ Dex+4}
   (You found it on level 1 of the Lair of Beasts)

   [staff of cold]

   Your inability to study Ice Magic prevents you from drawing on the full power
   of this staff in melee.
   Base accuracy: +5 Base damage: 5 Base attack delay: 1.2 This weapon's minimum
   attack delay (0.6) is reached at skill level 12.
   Dex:       It affects your dexterity (+4).
   rF:        It protects you from fire.
   rC:        It protects you from cold.
   +Blink:    It lets you blink.
   Fragile:   It will be destroyed if unequipped.
   It falls into the 'Staves' category.
   It is a one-handed weapon.
Jewellery
 f - the cursed ring "Chained Burden" (left hand) {rN+, Cun, Evo}
   (You found it on level 11 of the Dungeon)

   [ring of positive energy]

   rN:        It protects you from negative energy.
   It has a curse which improves the following skills: Cunning: Dodging and
   Stealth.
   Evocations: Evocations.
 m - a +6 ring of strength
 n - the cursed amulet "Overhang to Understand" (around neck) {Acrobat, Evo, Cun}
   (You found it on level 4 of the Dungeon)

   [amulet of the acrobat]

   It increases your evasion while moving and waiting.
   It has a curse which improves the following skills: Evocations: Evocations.
   Cunning:   Dodging and Stealth.
 v - the ring of Midnight (right hand) {Fly rPois rC++ rN+ Dex+6}
   (You acquired it on level 2 of the Lair of Beasts)

   [ring of dexterity]

   Dex:       It affects your dexterity (+6).
   rC:        It greatly protects you from cold.
   rPois:     It protects you from poison.
   rN:        It protects you from negative energy.
   Fly:       It grants you flight.
 K - the ring of Nupp {MP+9 Stlth+}
   (You found it on level 9 of the Dungeon)

   [ring of magical power]

   MP:        It affects your magic capacity (+9).
   Stlth:     It makes you more stealthy.
Wands
 p - a wand of paralysis (14)
 u - a wand of flame (30)
 H - a wand of roots (3)
 N - a wand of light (8)
Scrolls
 b - a scroll of immolation
 d - a scroll of silence
 j - 4 scrolls of teleportation
 k - 5 scrolls of fog
 l - 4 scrolls of blinking
 o - 4 scrolls of fear
 A - 3 scrolls of magic mapping
 G - 3 scrolls of poison
 J - a scroll of vulnerability
 P - a scroll of enchant armour
Potions
 a - 4 potions of might
 c - 2 potions of haste
 e - a potion of cancellation
 g - 7 potions of curing
 i - 3 potions of mutation
 t - 2 potions of lignification
 x - 2 potions of resistance
 I - a potion of attraction
 L - a potion of brilliance
 R - a potion of heal wounds
Miscellaneous
 Q - a phial of floods


   Skills:
 + Level 5.0(8.4) Fighting
 - Level 0.7(2.4) Long Blades
 + Level 5.4(8.9) Maces & Flails
 - Level 1.0(2.5) Ranged Weapons
 + Level 5.9 Armour
 + Level 4.9(7.5) Dodging
 + Level 3.6(6.0) Stealth
 + Level 1.1(3.2) Unarmed Combat
 * Level 14.9(18.4) Spellcasting
 + Level 1.6(3.5) Evocations


You knew the following spells:

 Your Spells              Type           Power      Damage    Failure   Level
a - Sting                 Tmut/Pois      100%       1d8       0%          1
b - Poisonous Vapours     Pois/Air       100%       N/A       0%          2
c - Mephitic Cloud        Conj/Pois/Air  90%        N/A       0%          3
d - Olgreb's Toxic Radia  Pois           90%        N/A       0%          4
e - Foxfire               Conj/Fire      100%       2x1d9     0%          1
f - Ensorcelled Hibernat  Hex/Ice        100%       N/A       0%          2
g - Portal Projectile     Hex/Tloc       100%       N/A       0%          3
h - Ice Form              Ice/Tmut       90%        N/A       0%          4
i - Iskenderun's Mystic   Conj/Tloc      90%        2d18      0%          4
j - Alistair's Intoxicat  Tmut/Pois      60%        N/A       1%          5
Your spell library was empty.

Dungeon Overview and Level Annotations

Branches:
Dungeon (11/15)            Temple (1/1) D:5            Lair (4/5) D:11
 Shoals (0/4) Lair:2       Spider (0/4) Lair:3          Orc (0/2) D:9
  Slime: Lair:4-5

Altars:
Ashenzari
Cheibriados
Dithmenos
Elyvilon
Hepliaklqana
Makhleb
Nemelex Xobeh
Okawaru
Qazlal
Trog
Uskayaw
Wu Jian
Xom
Yredelemnul
Zin
The Shining One

Annotations:
D:7 Joseph


Innate Abilities, Weirdness & Mutations

You are immune to sickness and miasma.
You are immune to poison.
Your flesh is very heat resistant. (rF++)
You are vulnerable to cold. (rC-)
You float through the air rather than walking.
You learn spells naturally, not from books.
Your magical power is your life essence.
You have superior vitality. (+4 MHP)


Message History

The six-headed hydra bites you. The six-headed hydra bites you!
The six-headed hydra misses you. The six-headed hydra bites you! x3
The six-headed hydra bites you.
The six-headed hydra completely misses you.
The six-headed hydra closely misses you. x2
The six-headed hydra bites you.
* * * LOW HITPOINT WARNING * * *
The six-headed hydra bites you!
* * * LOW HITPOINT WARNING * * *
Casting: Foxfire (safe; 0% risk of failure)
Confirm with . or Enter, or press ? or * to list all spells.
You erupt in a blast of force!
The mystic blast hits the six-headed hydra!!
The six-headed hydra is heavily wounded.
The six-headed hydra is knocked back by the mystic blast.
* * * LOW HITPOINT WARNING * * *
Okay, then.
Aiming: Fastroot
Press: ? - help, Shift-Dir - straight line, f - cane toad
Aim: a cane toad The roots erupt in riotous growth!
Roots grab the cane toad.
The grasping roots constrict the cane toad.
The cane toad struggles to escape constriction.
Casting: Iskenderun's Mystic Blast (safe; 0% risk of failure)
Confirm with . or Enter, or press ? or * to list all spells.
You erupt in a blast of force!
The mystic blast hits the cane toad.
The cane toad is moderately wounded.
The roots lose their grip on the cane toad.
The cane toad is knocked back by the mystic blast.
The cane toad slams into the rock wall!
The cane toad is heavily wounded.
The mystic blast hits the six-headed hydra!
The six-headed hydra is severely wounded.
* * * LOW HITPOINT WARNING * * *
The six-headed hydra closely misses you.
The six-headed hydra bites you!
* * * LOW HITPOINT WARNING * * *
The six-headed hydra bites you!
You die...

..........##.....# ** * *
...........#.#.^.########
, * *
......)....+.#.###.##.P.#
,,
.........#....>....#....#
,,, ,
#.###...###P..#....+.####,
,, ## #..## #......#..## ,
,, #..# ##....#####* * ,*
*#D.. ##...##.#.# *** #{.,
* #..D@...#∆ * ,,, **, , ,
............#*** , ,, ,
,,...........F## , , , ,,
..+..........., , ,, ,,
,,. ##........#..., , *
,,, , ,, ##........ #P ,,,
* * * **..........* ,, * *
##$....^..## * , *, , ,


You could see a six-headed hydra and a cane toad.

Vanquished Creatures
  Nessos (Lair:4)
  3 hydras
  A boulder beetle (D:11)
  A two-headed ogre (D:9)
  7 death yaks
  2 skysharks
  A manticore (D:11)
  4 elephants (Lair:2)
  A gargoyle (D:10)
  An unseen horror (D:9)
  3 cane toads
  2 rime drakes
  3 komodo dragons
  2 trolls
  10 blink frogs
  A jumping spider (Lair:3)
  A vampire (D:10)
  A wraith (D:7)
  A wyvern (D:9)
  34 yaks
  A basilisk (Lair:2)
  4 redbacks (Lair:3)
  2 steam dragons (D:7)
  4 vampire mosquitoes (D:10)
  12 water moccasins
  An ice beast (D:6)
  A sky beast (D:8)
  6 orc warriors
  3 black bears
  2 centaurs
  9 wolves
  2 phantoms (D:5)
  2 kobold brigands
  9 bullfrogs
  A gnoll sergeant (D:7)
  6 scorpions
  2 wights (D:7)
  15 killer bees
  3 howler monkeys
  5 electric eels
  A crimson imp (D:7)
  A hound (D:5)
  A jelly (D:4)
  13 orc priests
  An iron imp (D:9)
  An iguana (D:7)
  2 sleepcaps
  11 orc wizards
  A scorpion zombie (D:3)
  5 adders
  5 gnolls (D:7)
  A shadow imp (D:5)
  A white imp (D:6)
  An ufetubus (D:5)
  3 adder skeletons (D:3)
  A worm (D:5)
  2 dart slugs
  35 orcs
  6 endoplasms
  7 giant cockroaches
  8 goblins
  3 hobgoblins
  6 jackals
  2 quokkas
  6 ball pythons
  A ball python zombie (D:3)
  4 bats
  3 frilled lizards
  13 kobolds
  2 rats (D:1)
317 creatures vanquished.

Vanquished Creatures (collateral kills)
  A blink frog (Lair:1)
  3 yaks (Lair:2)
  An orc priest (D:10)
  4 kobolds (D:6)
  5 foxfires
14 creatures vanquished.

Vanquished Creatures (others)
  A blink frog (Lair:1)
  2 yaks
  A wolf (Lair:3)
  A killer bee (D:9)
  2 howler monkeys
  407 foxfires
414 creatures vanquished.

Grand Total: 745 creatures vanquished

Notes
Turn   | Place    | Note
-------+----------+-------------------------------------------
     0 | D:1      | monsoonserge the Djinni Venom Mage began the quest for the
                  | Orb.
     0 | D:1      | monsoonserge set off with the following spells memorised:
                  | Sting, Poisonous Vapours, Mephitic Cloud, Olgreb's Toxic
                  | Radiance.
     0 | D:1      | Reached XP level 1. HP: 15/15 MP: 0/0
    39 | D:1      | Found a faded altar of an unknown god.
    92 | D:1      | Reached XP level 2. HP: 4/21 MP: 0/0
   298 | D:1      | Reached skill level 3 in Spellcasting
   364 | D:1      | Reached XP level 3. HP: 21/25 MP: 0/0
   364 | D:1      | Learned a level 1 spell: Foxfire
  1042 | D:2      | You are sucked into a shaft and drop 1 floor!
  1052 | D:3      | Reached XP level 4. HP: 29/31 MP: 0/0
  2096 | D:3      | Reached XP level 5. HP: 34/36 MP: 0/0
  2096 | D:3      | Learned a level 2 spell: Ensorcelled Hibernation
  2160 | D:3      | Identified the +0 robe of Makhleb's Pride {Will++}
  2199 | D:3      | Reached skill level 4 in Spellcasting
  2699 | D:4      | Found a hide-covered altar of Uskayaw.
  2819 | D:4      | Found a white marble altar of Elyvilon.
  2891 | D:4      | Identified the +2 mace "Zuraywoc" {heavy, rPois rC+ Int+3
                  | Dex-3}
  2933 | D:4      | Reached XP level 6. HP: 37/41 MP: 0/0
  3060 | D:4      | Reached skill level 1 in Fighting
  3352 | D:4      | Reached skill level 5 in Spellcasting
  3422 | D:5      | Entered Level 5 of the Dungeon
  3441 | D:5      | Reached XP level 7. HP: 42/47 MP: 0/0
  3441 | D:5      | Learned a level 3 spell: Portal Projectile
  3949 | D:5      | Found a basalt altar of Yredelemnul.
  3964 | D:5      | Reached skill level 6 in Spellcasting
  4124 | D:5      | Found a staircase to the Ecumenical Temple.
  4133 | Temple   | Entered the Ecumenical Temple
  4194 | Temple   | Became a worshipper of Ashenzari the Shackled
  4280 | D:5      | Reached XP level 8. HP: 48/52 MP: 0/0
  4319 | D:5      | Identified the +0 ring mail of Fortification {rF- Str+7
                  | Int+3}
  4855 | D:6      | Reached skill level 1 in Armour
  4893 | D:6      | Found a stormy altar of Qazlal.
  5136 | D:7      | Noticed a wraith
  5147 | D:7      | Killed a wraith
  5148 | D:7      | Reached skill level 1 in Maces & Flails
  5148 | D:7      | Reached skill level 7 in Spellcasting
  5173 | D:7      | Noticed Joseph
  5632 | D:7      | Reached XP level 9. HP: 51/59 MP: 0/0
  5632 | D:7      | Learned a level 4 spell: Ice Form
  5786 | D:7      | Identified the cursed orb "I Foresaw This" {mayhem, Melee,
                  | Range} (You found it on level 5 of the Dungeon)
  5787 | D:7      | Reached * piety under Ashenzari
  5787 | D:7      | Identified a scroll of acquirement
  5831 | D:7      | Found a burning altar of Makhleb.
  6132 | D:7      | Reached skill level 8 in Spellcasting
  6705 | D:8      | Reached ** piety under Ashenzari
  7115 | D:8      | Found a hazy altar of Hepliaklqana.
  7281 | D:9      | Found a glowing silver altar of Zin.
  7281 | D:9      | Noticed an angel
  7329 | D:9      | Reached XP level 10. HP: 49/69 MP: 0/0
  7409 | D:9      | Reached *** piety under Ashenzari
  7536 | D:9      | Reached skill level 9 in Spellcasting
  7566 | D:9      | Found a glowing golden altar of the Shining One.
  7588 | D:9      | Identified the ring of Nupp {MP+9 Stlth+}
  7655 | D:9      | Noticed a two-headed ogre
  7665 | D:9      | Killed a two-headed ogre
  7873 | D:9      | Found a shadowy altar of Dithmenos.
  7912 | D:9      | Noticed an unseen horror
  7925 | D:9      | Killed an unseen horror
  7949 | D:9      | Reached skill level 10 in Spellcasting
  8192 | D:9      | Found a snail-covered altar of Cheibriados.
  8356 | D:9      | Reached XP level 11. HP: 52/76 MP: 0/0
  8356 | D:9      | Learned a level 4 spell: Iskenderun's Mystic Blast
  8495 | D:9      | Found a staircase to the Orcish Mines.
  8761 | D:10     | Entered Level 10 of the Dungeon
  9179 | D:10     | Reached skill level 11 in Spellcasting
 10235 | D:11     | Reached skill level 1 in Unarmed Combat
 10676 | D:11     | Noticed a manticore
 10687 | D:11     | Killed a manticore
 10785 | D:11     | Noticed a boulder beetle
 10809 | D:11     | Killed a boulder beetle
 10939 | D:11     | Found a staircase to the Lair.
 10979 | Lair:1   | Entered Level 1 of the Lair of Beasts
 10979 | Lair:1   | Noticed a death yak
 10979 | Lair:1   | Noticed a death yak
 10985 | Lair:1   | Noticed a death yak
 10993 | Lair:1   | Killed a death yak
 10994 | Lair:1   | Reached skill level 12 in Spellcasting
 10994 | Lair:1   | Reached XP level 12. HP: 64/82 MP: 0/0
 10994 | Lair:1   | Killed a death yak
 10999 | Lair:1   | Killed a death yak
 11513 | Lair:1   | Reached skill level 5 in Armour
 11682 | Lair:1   | You are sucked into a shaft and drop 1 floor!
 12141 | Lair:1   | Noticed a four-headed hydra
 12147 | Lair:1   | Killed a four-headed hydra
 12148 | Lair:1   | Reached skill level 13 in Spellcasting
 12346 | Lair:1   | Identified the staff of cold "Cynis" {Fragile +Blink rF+
                  | rC+ Dex+4}
 12474 | Lair:2   | Noticed a skyshark
 12482 | Lair:2   | Killed a skyshark
 12483 | Lair:2   | Reached skill level 1 in Evocations
 12488 | Lair:2   | Reached skill level 5 in Maces & Flails
 12490 | Lair:2   | Reached XP level 13. HP: 49/87 MP: 0/0
 12490 | Lair:2   | Learned a level 5 spell: Alistair's Intoxication
 12610 | Lair:1   | Reached **** piety under Ashenzari
 12681 | Lair:2   | Noticed a six-headed hydra
 12689 | Lair:2   | Killed a six-headed hydra
 12731 | Lair:2   | Reached skill level 5 in Fighting
 12810 | Lair:2   | Reached skill level 14 in Spellcasting
 12937 | Lair:2   | Found a staircase to the Shoals.
 13056 | Lair:2   | Reached ***** piety under Ashenzari
 13307 | Lair:2   | Acquired 1151 gold pieces
 13309 | Lair:2   | Acquired the ring of Midnight {Fly rPois rC++ rN+ Dex+6}
 13684 | Lair:2   | Found a sparkling altar of Nemelex Xobeh.
 13960 | Lair:3   | Found a hole to the Spider Nest.
 14314 | Lair:3   | Reached skill level 1 in Ranged Weapons
 15118 | Lair:4   | Noticed an eight-headed hydra
 15126 | Lair:4   | Killed an eight-headed hydra
 15203 | Lair:4   | Noticed Nessos
 15220 | Lair:4   | Killed Nessos
 15292 | Lair:4   | Noticed a six-headed hydra
 15328 | Lair:4   | HP: 1/93 [six-headed hydra (8)]
 15328 | Lair:4   | Mangled by a six-headed hydra

Illustrated notes

Levels and vault maps discovered:
D:1:      dpeg_arrival_simpleton_b, layout_rooms,
          hellmonk_ecumenical_altar_run_dry
D:2:      layout_loops_ring
D:3:      layout_loops_corners, serial_undead, serial_undead_b, serial_undead_f,
          serial_undead_c, serial_undead_b, serial_undead_a, serial_undead_e,
          solitary_fountain, minmay_gold_behind_fungi
D:4:      layout_basic, nicolae_uskayaw_suspiria, elyvilon_altar_1
D:5:      layout_basic, kennysheep_mini, minmay_temple_entry_mist
D:6:      layout_rooms, nicolae_overflow_hidden_temple,
          minmay_misc_feat_enclosed, grunt_ministairs_10
D:7:      layout_basic, grunt_temple_overflow_lords_of_destruction,
          uniq_duvessa, uniq_joseph
D:8:      layout_loops_cross, nicolae_hepliaklqana_hazy_memory
D:9:      layout_long_grid, lemuel_doored_altar, zin_angel, chei_slow_surprise,
          nicolae_overflow_crystal_walls, erik_orc_2
D:10:     layout_basic
D:11:     layout_loops_cross, grunt_lair_entry_orc_guard_hut, serial_shops,
          shop, hangedman_decor_riveting
Temple:   hellmonk_temple_beads
Lair:1:   cheibrodos_lair_river_kwai, layout_hall_layers
Lair:2:   statuecave_lemuel, layout_long_grid, elwin_shoals_entry_rocks,
          basic_altar
Lair:3:   layout_cave_pods, spider_nest_entry_a, chequers_serial_rivers_micro_b,
          chequers_serial_rivers_small_a
Lair:4:   layout_roguey, portal_ice_cave_entry_animals_and_master, uniq_nessos

Skill      XL: |  1  2  3  4  5  6  7  8  9 10 11 12 13 |
---------------+----------------------------------------+-----
Spellcasting   | 3 4 5 6 7 8 10 12 13 14 | 14.9
Stealth        | 2 3 |  3.6
Fighting       | 1 2 3 4 5 |  5.0
Dodging        | 3 4 |  4.9
Armour         | 1 2 4 5 |  5.9
Maces & Flails | 1 2 3 4 5 |  5.4
Unarmed Combat | 1 |  1.1
Evocations     | 1 |  1.6
Ranged Weapons | 1 |  1.0
Long Blades    | |  0.7

Action                     |  1- 3 |  4- 6 |  7- 9 | 10-12 | 13-15 || total
---------------------------+-------+-------+-------+-------+-------++-------
  Melee: Unarmed           |     2 |       |     3 |    16 |       ||    21
         Dagger            |     4 |       |       |       |       ||     4
         Long sword        |    22 |    22 |       |       |       ||    44
         Punch             |     1 |     1 |     1 |       |       ||     3
         Mace              |       |     2 |    75 |    69 |    30 ||   176
   Cast: Sting             |    55 |    24 |    25 |    37 |     5 ||   146
         Poisonous Vapours |     2 |    10 |    18 |    33 |    10 ||    73
         Foxfire           |       |    48 |    61 |    84 |    41 ||   234
         Mephitic Cloud    |       |     1 |    15 |    27 |    12 ||    55
         Olgreb's Toxic Ra |       |       |    16 |    40 |    27 ||    83
         Ice Form          |       |       |     1 |     1 |       ||     2
         Iskenderun's Myst |       |       |       |    17 |    16 ||    33
 Invoke: Curse Item        |       |       |     3 |     3 |     2 ||     8
         Shatter the Chain |       |       |       |     1 |     1 ||     2
  Evoke: Wand              |       |       |       |       |     1 ||     1
    Use: Scroll            |       |     4 |     3 |       |     2 ||     9
         Potion            |       |       |       |     2 |       ||     2
   Stab: Sleeping          |       |     2 |       |       |     1 ||     3
         Confused          |       |       |       |     4 |     1 ||     5
 Armour: Robe              |     8 |     6 |     8 |       |       ||    22
         Ring mail         |       |       |    17 |    32 |    14 ||    63
         Skin              |       |       |     2 |     2 |       ||     4
  Dodge: Dodged            |    35 |    28 |    85 |    97 |    40 ||   285
